General information
- name: Local Game (DJOrwell)
- type: Custom game
- host: DJOrwell
- saver: DJOrwell
map: EchoIsles
- players: 5
- length: 22:16
- speed: Fast
- version: 1.26 W3XP
- replay type: Public
» download(183 KB)
Players
team 1 (winner)
ghettooverlord (
blue | 198 APM | 4409 actions | 22:15)
5 Lich
3 Frost Nova
2 Dark Ritual
2 Dreadlord
1 Vampiric Aura
1 Sleep
» actions
| Assign group hotkey | 278 | |
| Basic commands | 401 | |
| Build / train | 89 | |
| ESC pressed | 9 | |
| Enter build submenu | 29 | |
| Enter hero's abilities submenu | 9 | |
| Give item / drop item | 4 | |
| Right click | 1897 | |
| Select / deselect | 879 | |
| Select group hotkey | 706 | |
| Use ability | 106 | |
4409 total
» units
| Acolyte | 13 | |
| Ghoul | 37 | |
| Frost Wyrm | 3 | |
53 total
» upgrades
| Unholy Strength | 3 | |
| Ghoul Frenzy | 1 | |
| Unholy Armor | 1 | |
5 total
» buildings
| Altar of Darkness | 1 | |
| Ziggurat | 7 | |
| Crypt | 5 | |
| Tomb of Relics | 1 | |
| Graveyard | 1 | |
| Spirit Tower | 2 | |
| Necropolis | 1 | |
| Halls of the Dead | 3 | |
| Black Citadel | 1 | |
| Sacrificial Pit | 1 | |
| Boneyard | 2 | |
| Nerubian Tower | 1 | |
26 total
» build order
00:24 Altar of Darkness
00:27 Ziggurat
00:40 Crypt
00:44 Crypt
01:13 Tomb of Relics
01:32 Graveyard
01:57 Ziggurat
03:12 Spirit Tower
04:10 Necropolis
04:24 Halls of the Dead
04:24 Halls of the Dead
04:24 Halls of the Dead
07:06 Black Citadel
11:15 Sacrificial Pit
12:38 Ziggurat
12:38 Ziggurat
12:39 Ziggurat
12:53 Boneyard
12:54 Boneyard
13:42 Spirit Tower
14:59 Ziggurat
15:13 Nerubian Tower
16:51 Crypt
16:52 Crypt
16:53 Crypt
21:58 Ziggurat
» items
| Rod of Necromancy | 3 | |
| Scroll of Healing | 3 | |
| Orb of Corruption | 3 | |
| Boots of Speed | 1 | |
| Staff of Teleportation | 1 | |
11 total
team 2 (loser)
Miles_Edgeworth (
red | 168 APM | 3733 actions | 22:14)
5 Death Knight
3 Death Coil
2 Unholy Aura
4 Lich
2 Frost Nova
2 Frost Armor
» actions
| Assign group hotkey | 42 | |
| Basic commands | 273 | |
| Build / train | 79 | |
| ESC pressed | 7 | |
| Enter build submenu | 22 | |
| Enter hero's abilities submenu | 9 | |
| Give item / drop item | 7 | |
| Right click | 1629 | |
| Select / deselect | 614 | |
| Select group hotkey | 953 | |
| Use ability | 98 | |
3733 total
» units
| Acolyte | 17 | |
| Ghoul | 3 | |
| Crypt Fiend | 17 | |
| Obsidian Statue | 1 | |
| Abomination | 3 | |
41 total
» upgrades
| Creature Attack | 3 | |
| Web | 1 | |
| Creature Carapace | 1 | |
| Destroyer Form | 1 | |
6 total
» buildings
| Crypt | 1 | |
| Graveyard | 1 | |
| Ziggurat | 8 | |
| Altar of Darkness | 1 | |
| Tomb of Relics | 1 | |
| Nerubian Tower | 1 | |
| Spirit Tower | 4 | |
| Halls of the Dead | 2 | |
| Slaughterhouse | 1 | |
| Black Citadel | 1 | |
| Sacrificial Pit | 2 | |
| Necropolis | 1 | |
24 total
» build order
00:06 Crypt
00:10 Graveyard
00:41 Ziggurat
00:57 Altar of Darkness
01:56 Ziggurat
02:00 Tomb of Relics
03:35 Nerubian Tower
03:51 Spirit Tower
04:52 Halls of the Dead
04:52 Halls of the Dead
05:18 Ziggurat
08:20 Slaughterhouse
08:49 Ziggurat
09:22 Black Citadel
10:57 Sacrificial Pit
13:31 Spirit Tower
15:53 Necropolis
16:15 Ziggurat
16:57 Ziggurat
16:57 Ziggurat
17:00 Ziggurat
19:02 Spirit Tower
19:47 Spirit Tower
20:35 Sacrificial Pit
» items
| Rod of Necromancy | 3 | |
| Boots of Speed | 1 | |
| Claws of Attack +6 | 1 | |
| Scroll of Healing | 1 | |
| Potion of Healing | 2 | |
| Scroll of Town Portal | 2 | |
| Potion of Mana | 1 | |
| Orb of Corruption | 1 | |
| Potion of Lesser Invulnerability | 1 | |
13 total
refereesDJOrwell,
Freakapie,
Flayl Chat log
(00:07 / All) ghettooverlord: You beat my ass every which way last game.
(00:11 / All) ghettooverlord: You should have won. :P
(00:17 / All) Miles_Edgeworth: not really
(00:24 / All) Miles_Edgeworth: idk how i didn't catch your first expand going up
(00:31 / All) Miles_Edgeworth: just missed my aco being attacked i guess
(00:33 / All) ghettooverlord: Yeah, 1
(00:35 / All) Flayl: you had a scout aco and everything haha
(00:35 / All) ghettooverlord: Oh, you did?
(00:37 / All) ghettooverlord: Whoops.
(00:38 / All) Miles_Edgeworth: yeah
(00:41 / Referees) DJOrwell: guys it is crazy how when you drag the boxes
(00:44 / All) Miles_Edgeworth: i had an aco there lol
(00:46 / Referees) DJOrwell: the lines change in thickness
(00:48 / All) Miles_Edgeworth: i never noticed it dying lol
(00:50 / All) ghettooverlord: I remember that much, I figured you knew.
(00:52 / All) ghettooverlord: I was ready to fight.
(00:59 / All) DJOrwell: APM NOT WPM
(01:05 / All) ghettooverlord: THE BEST PLAYERS CAN DO BOTH
(01:06 / All) ghettooverlord: NAB
(01:10 / Referees) Flayl: doesnt change for me i feel left out
(01:17 / All) ghettooverlord: auehauheh XD
(01:19 / Referees) DJOrwell: watch the box closely
(01:23 / Referees) DJOrwell: when you see it...
(01:40 / Referees) Flayl: i will shit bricks?
(01:42 / Referees) DJOrwell: oh, it's probably just my resolution
(01:43 / Referees) DJOrwell: on this screen
(01:47 / Referees) DJOrwell: nevermind i'm a dumbass
(01:48 / Referees) Flayl: probably haha
(02:00 / Referees) DJOrwell: it was intense for a minute though
(02:04 / Referees) Flayl: fiend build from miles
(02:12 / Referees) Flayl: and gehtto
(02:18 / All) ghettooverlord: Note: Do not use this build order EVER.
(02:19 / All) DJOrwell: ACOLYTE RUSH?!?!?!?!?!?!?!?!
(02:23 / Referees) Flayl: oh shit
(02:25 / Referees) Flayl: nvm
(02:31 / Referees) Flayl: maigh actually be a fast expo?
(02:37 / Referees) Flayl: *might
(02:42 / Referees) Freakapie: k back
(02:45 / Referees) Freakapie: miss anything good?
(02:51 / Referees) DJOrwell: no just warcraft 3
(02:54 / Referees) Freakapie: lol ok
(03:10 / Referees) Flayl: you missed an interesting conversation about the width of the drag select box
(03:17 / Referees) DJOrwell: yes, you did miss that
(03:17 / Referees) Freakapie: oh
(03:21 / Referees) Flayl: bet you feel terrible now
(03:24 / Referees) DJOrwell: and you'll never get it back
(03:36 / Referees) DJOrwell: do referee logs show up in replays?
(03:40 / Referees) Freakapie: yeah
(03:43 / Referees) Freakapie: if a referee saves it
(03:45 / Referees) Flayl: if the ref saves it
(03:50 / Referees) DJOrwell: hmm
(04:00 / Referees) DJOrwell: that's intriguing
(04:00 / Referees) Flayl: HI mom!
(04:01 / Referees) Freakapie: SO I'LL SEE IT WHEN I UPLOAD IT MUAHAHAHA
(04:13 / Referees) Freakapie: upload
(04:13 / Referees) DJOrwell: not if I upload it first
(04:13 / Referees) Freakapie: not host
(04:30 / Referees) DJOrwell: THEN YOU CAN'T UPLOAD IT AND I'LL STRIP THE TEXT FROM THE FILE HAHAHAHAHHA
(04:46 / Referees) DJOrwell: wait that's not how it works
(04:53 / Referees) DJOrwell: early rush
(05:04 / Referees) Flayl: you acn accuse freakapie of forging this conversation
(05:06 / All) ghettooverlord: Oops.
(05:09 / Referees) DJOrwell: squirm squirm squirm
(05:09 / Referees) Flayl: I NEVER ACTUALLY SAID THIS
(05:14 / All) Freakapie: The Black Market games here, let people have a good taiiime.
(05:20 / All) ghettooverlord: lol
(05:41 / Referees) Flayl: so ghetto did a fast expo build
(05:41 / All) DJOrwell: i think miles's buildings are more aesthetically placed
(05:44 / Referees) Flayl: without the expo
(05:52 / All) ghettooverlord: MY BASE IS ART
(05:53 / All) ghettooverlord: OK
(05:53 / Referees) DJOrwell: a fast ____ build
(06:01 / Referees) Flayl: dick build
(06:04 / All) DJOrwell: minimalist modern art
(06:07 / Referees) Flayl: thats what she said
(06:10 / All) Freakapie: ghetto's base is an indie base
(06:13 / All) ghettooverlord: lol
(06:35 / Referees) Flayl: yeah
(06:37 / Referees) Flayl: too late now
(06:51 / Referees) Freakapie: GHETTO WINS
(06:58 / Referees) Flayl: in our hearts
(07:07 / Referees) Freakapie: "battle.net/war3" TOLD ME THAT GHOULS BEAT FIENDS
(07:11 / Referees) DJOrwell: he better win because I don't want to host another gaaaaaaaaaaaaame
(07:19 / All) DJOrwell: sorry for that half second of lag
(07:23 / All) DJOrwell: it will never happen again
(07:25 / All) ghettooverlord: I felt nothing.
(07:30 / All) DJOrwell: ok
(07:31 / All) Freakapie: neither did i
(07:55 / Referees) Flayl: i want to see dark ranger
(08:01 / Referees) DJOrwell: what counters workers
(08:07 / Referees) Flayl: more workes
(08:09 / Referees) Flayl: obv
(08:17 / Referees) DJOrwell: what counters more workers
(08:21 / Referees) Freakapie: banshees
(08:26 / Referees) DJOrwell: op
(08:47 / Referees) DJOrwell: i think blizzard should make a fighting game style redux of warcraft
(08:57 / Referees) DJOrwell: where, like super street fighter II turbo anniversary edition (extreme)
(09:02 / Referees) DJOrwell: you could pick any version of any race
(09:05 / Referees) Freakapie: They'd probably make it terrible
(09:07 / Referees) Flayl: 360 to perform death coil
(09:12 / Referees) DJOrwell: you could play wc1 human vs. wc2 orc
(09:19 / Referees) Freakapie: They'd make it like Justice League Task Force with Battle.net 2.0 integration.
(09:21 / Referees) DJOrwell: wouldn't that just be great
(09:29 / Referees) Flayl: ive neevr played that game
(09:32 / Referees) Flayl: is ti any good
(09:36 / Referees) Flayl: it*
(09:36 / Referees) Freakapie: It's the only fighting game blizzard's ever made
(09:55 / Referees) Freakapie: on their "classic console games" page or whatever where they list blackthorne lost vikings, rock n roll racing
(09:58 / Referees) Freakapie: they don't list that game.
(10:01 / Referees) Freakapie: or lost vikings 2
(10:06 / Referees) DJOrwell: :(
(10:08 / Referees) Freakapie: or some weird superman game lol
(10:10 / Referees) DJOrwell: actually it's "classic arcade"
(10:14 / Referees) DJOrwell: yeah really
(10:21 / Referees) DJOrwell: it's actually called "classic arcade" on their page
(10:24 / Referees) Freakapie: yeah
(10:32 / Referees) DJOrwell: man blackthorne would be SUCH a GREAT arcade game
(10:51 / Referees) Freakapie: Don't think i've ever heard any blizz mods bring those games up before
(11:01 / Referees) Freakapie: probably because they don't have copyrights to them or something
(11:06 / Referees) DJOrwell: blizzard officially started at diablo 1
(11:07 / Referees) DJOrwell: :(
(11:14 / Referees) Freakapie: NAH MAN
(11:23 / Referees) Freakapie: ROCK N ROLL RACING HAD THE BLIZZ LOGO
(11:43 / Referees) Freakapie: That should be the game
(11:46 / Referees) Freakapie: for the next ghetto tourney
(11:57 / Referees) DJOrwell: does it have any way of netplaying decently
(11:57 / Referees) Freakapie: That way I don't get dropped to losers in the first couple rounds
(12:07 / Referees) Flayl: emulators probably
(12:08 / Referees) Freakapie: yeah
(12:11 / Referees) Freakapie: since it's a snes game
(12:11 / Referees) DJOrwell: let's have a dodonpachi daioujou tournament
(12:14 / Referees) Freakapie: however you can get it working
(12:15 / Referees) DJOrwell: :O
(12:21 / Referees) Flayl: lets have a visual novel tournament
(12:25 / Referees) Freakapie: i've heard zsnes has this zbattle.net thing
(12:30 / Referees) Freakapie: never looked into it though
(12:39 / All) Miles_Edgeworth: and that's why you don't run around with no tp
(12:42 / Referees) DJOrwell: dudes we need to play starcraft 64 coop
(12:42 / All) ghettooverlord: t.t
(12:45 / Referees) DJOrwell: whatever it takes maaaaaaaan
(12:47 / All) ghettooverlord: yeah
(13:04 / All) DJOrwell: NEEDS MORE SIMCITY
(13:05 / All) Freakapie: We should have a Color a Dinosaur tournament. yep.
(13:05 / Referees) Flayl: haha imagine someone emulating that and playing with an actual controller
(13:07 / Referees) Flayl: what a goof
(13:14 / All) ghettooverlord: Can we finish this one first
(13:15 / All) ghettooverlord: lol
(13:20 / All) Freakapie: looool
(13:41 / Referees) DJOrwell: i wonder if warcraft 3 is a video game
(13:42 / Referees) Freakapie: it's one of the lost ghetto game reviews
(13:44 / Referees) DJOrwell: i should ask recap
(13:45 / Referees) Freakapie: same with bible games
(13:53 / Referees) Freakapie: sand some weird golf game
(14:06 / Referees) Freakapie: they were pretty hilarious reviews :P
(14:20 / Referees) Flayl: i loved the sim city one
(14:26 / All) DJOrwell: okay I'm starting to get the direction behind ghetto's base
(14:35 / Referees) Freakapie: rofl
(14:39 / All) DJOrwell: the new additions really improve the aesthetic
(14:40 / Referees) Freakapie: wyrms
(14:41 / All) ghettooverlord: I'll explain anything after.
(14:58 / Referees) Freakapie: this is surprisin
(15:09 / All) DJOrwell: i think it comments on our consumer society by having the shop in the center of everything
(15:10 / Referees) Freakapie: UvU is the war3 equivalent of broodwars zvz
(15:15 / All) ghettooverlord: oh snap
(15:24 / Referees) Freakapie: where it's usually just mass ghoul/garg/
(15:36 / Referees) DJOrwell: it's zvz minus the fun and timing of zvz
(15:40 / Referees) Flayl: i was in roc, but fiends got mroe popular in tft
(15:44 / Referees) Freakapie: and bonus novas
(15:48 / Referees) Freakapie: and orb of corruptions
(15:54 / Referees) DJOrwell: NERD WANKERY
(16:19 / Referees) Flayl: dreadlord aura first
(16:22 / Referees) DJOrwell: okay
(16:27 / Referees) Flayl: sounds like a plan
(16:29 / Referees) DJOrwell: why the fuck is there an extra necro in ghetto's base
(16:41 / Referees) Freakapie: yeah
(16:42 / Referees) Flayl: so he oculd expand whiel teching
(16:44 / Referees) Flayl: but he effed up
(16:46 / Referees) Freakapie: that
(17:02 / Referees) Freakapie: squelch stops pings
(17:02 / Referees) Flayl: saprkly
(17:03 / Referees) Freakapie: by the way
(17:07 / Referees) DJOrwell: oh
(17:16 / Referees) DJOrwell: but it also stops my brilliant commentary :(
(17:23 / Referees) Freakapie: what a shaem.
(17:43 / Referees) Freakapie: IT'S THE LESSER OF TWO EVILS
(17:57 / Referees) DJOrwell: at this point I should probably warn you all that
(18:13 / Referees) Freakapie: you're going to implement unban tickets on mindprobe?
(18:14 / Referees) DJOrwell: this is a new, refurbished, possibly somewhat broken computer
(18:21 / Referees) DJOrwell: and
(18:25 / Referees) DJOrwell: it has indeed
(18:27 / Referees) DJOrwell: frozen and crashed
(18:30 / Referees) DJOrwell: several times
(18:32 / Referees) DJOrwell: during warcraft 3
(18:39 / Referees) Flayl: tahts quite a feat
(18:41 / Referees) DJOrwell: silent bsod, instant restart
(18:45 / Referees) DJOrwell: yeah it's pretty fucking pathetic
(18:54 / Referees) DJOrwell: i've had to reinstall windows xp three times in the past three days
(19:08 / Referees) Freakapie: odd
(19:11 / Referees) DJOrwell: i'm leaving it permanently on so it doesn't fail to boot up ever again :X
(19:16 / Referees) Flayl: haha
(19:21 / Referees) DJOrwell: it received a nasty shock while transporting it in the car
(19:31 / Referees) Flayl: that would do it
(19:37 / Referees) DJOrwell: was on the seat, hit the floor of the car hard enough to knock the silver brackets out of the back panel
(19:44 / Referees) Freakapie: shaaaaaaaaaaaaaaades
(19:47 / Referees) DJOrwell: oh, it froze in warcraft 3 before it ever took any damage
(19:54 / Referees) Flayl: oh wow
(19:59 / Referees) DJOrwell: probably just the onboard video card intel shit
(19:59 / Referees) Freakapie: dark ritualling
(20:01 / Referees) Freakapie: a wyrm?
(20:04 / Referees) Freakapie: interesting
(20:06 / Referees) Flayl: gehtto should keep the lich away
(20:08 / Referees) Freakapie: was it almost dead or something?
(20:09 / Referees) Flayl: if hes gonna creep
(20:20 / Referees) Flayl: wow he ritualed a wyrm?
(20:22 / Referees) Freakapie: yeah
(20:38 / Referees) Flayl: well ehs just about rhowing cash around like he doesnt give a fuck so
(20:42 / Referees) Flayl: pimp status
(20:43 / Referees) Freakapie: i only caught it happened so i didn't see how much health it did
(20:46 / All) DJOrwell: miles's expo is a portrait of the human condition
(21:16 / All) DJOrwell: well so much for the human condition
(21:44 / All) Flayl: i dont know maybe its an alleogry on how the undead will ris up and buttfuck everyone
(21:56 / All) DJOrwell: but they're both undead
(21:58 / Referees) Freakapie: including themselves
(22:12 / All) DJOrwell: is this a postmodern interpretation of humanity having meaningfully expired?
(22:13 / All) Miles_Edgeworth: |gg